 Dungeon Sprint DCSS version 0.17.0-28-g6e173f8 (webtiles) character file.

356 xeno23 the Fighter (level 6, -2/66 HPs)
             Began as a Minotaur Berserker on Nov 24, 2015.
             Was a Priest of Trog.
             Slain by Menkaure (5 damage)
             ... in the Dungeon (Sprint II: "The Violet Keep of Menkaure").
             The game lasted 00:01:34 (275 turns).

xeno23 the Fighter (Minotaur Berserker)              Turns: 275, Time: 00:01:34

Health: -2/66      AC:  2    Str: 23      XL:     6   Next: 36%
Magic:  5/5        EV: 14    Int:  3 (4)  God:    Trog [***...]
Gold:   486        SH:  0    Dex: 10      Spells: 0 memorised, 5 levels left

rFire  . . .     SeeInvis .     a - +0 mace
rCold  . . .     Clarity  .     b - +0 animal skin
rNeg   . . .     SustAt   .     (no shield)
rPois  .         Gourm    .     (helmet restricted)
rElec  .         Spirit   .     (no cloak)
rCorr  .         Warding  .     (no gloves)
rMut   .         NoTele   +     (no boots)
MR     .....                    (no amulet)
Stlth  +.........               (no ring)
                                (no ring)

@: exhausted, slowed, very slow, not resistant to hostile enchantments, very
unstealthy
A: retaliatory headbutt, horns 2
a: Berserk, Trog's Hand, Burn Spellbooks, Renounce Religion


You were in the Dungeon.
You worshipped Trog.
Trog was most pleased with you.
You were not hungry.

You visited 1 branch You collected 486 gold pieces.

Inventory:

Hand Weapons
 a - a +0 mace (weapon)
Armour
 b - a +0 animal skin (worn)
Scrolls
 i - a scroll of blinking
Potions
 d - a potion of curing
 e - a potion of heal wounds
 f - a potion of haste
 g - 2 potions of magic
 h - a potion of berserk rage
Comestibles
 c - a bread ration


   Skills:
 * Level 10.1 Fighting
 * Level 10.1 Maces & Flails
 + Level 7.0 Armour
 + Level 6.4 Dodging


You had 5 spell levels left.
You didn't know any spells.

Dungeon Overview and Level Annotations

Branches:
Dungeon (1/1)

Altars:

Annotations:
D Menkaure


Innate Abilities, Weirdness & Mutations

You reflexively headbutt those who attack you in melee.
You have a pair of horns on your head.


Message History

Menkaure is moderately damaged.
Menkaure casts a spell.
Menkaure seems to speed up.
You hit Menkaure.
Menkaure is heavily damaged.
Menkaure hits you.
The ice statue glitters chillingly in the dim dungeon light.
You sock Menkaure! Your headbutt misses Menkaure.
Menkaure is almost destroyed.
Menkaure calls on the powers of darkness!
Your body is wracked with pain!
* * * LOW HITPOINT WARNING * * *
Menkaure closely misses you.
You take 17 damage.
You hit Menkaure but do no damage.
Menkaure is almost destroyed.
Menkaure hits you!
* * * LOW HITPOINT WARNING * * *
Menkaure hits you.
You die...

§§§§§ §8§
§§§ §§§
++#++ ...
##M##
##.@†##
#..##.#
####†####
#'###.##
##.###..#
+.<.'.##+
##.###..#
#+# #.##
###


You could see an ice statue and Menkaure.

Vanquished Creatures
  4 brain worms (D)
  4 worker ants (D)
8 creatures vanquished.

Notes
Turn   | Place    | Note
--------------------------------------------------------------
     0 | D        | xeno23 the Minotaur Berserker began the quest for the Orb.
     0 | D        | Reached XP level 1. HP: 19/19 MP: 0/0
     1 | D        | Noticed a worker ant
     1 | D        | Noticed a worker ant
     2 | D        | Noticed a worker ant
     4 | D        | Noticed a worker ant
     4 | D        | Killed a worker ant
     4 | D        | Reached skill level 5 in Fighting
     4 | D        | Reached skill level 5 in Maces & Flails
     4 | D        | Reached XP level 2. HP: 29/29 MP: 1/1
     6 | D        | Killed a worker ant
     6 | D        | Reached skill level 6 in Fighting
     6 | D        | Reached XP level 3. HP: 30/37 MP: 2/2
     9 | D        | Killed a worker ant
     9 | D        | Reached ** piety under Trog
    10 | D        | Killed a worker ant
    10 | D        | Reached XP level 4. HP: 27/45 MP: 3/3
   242 | D        | Noticed a brain worm
   245 | D        | Killed a brain worm
   245 | D        | Reached skill level 8 in Fighting
   245 | D        | Reached skill level 5 in Armour
   245 | D        | Reached skill level 5 in Dodging
   245 | D        | Reached XP level 5. HP: 53/53 MP: 4/4
   247 | D        | Noticed a brain worm
   249 | D        | Killed a brain worm
   249 | D        | Reached *** piety under Trog
   250 | D        | Noticed a brain worm
   250 | D        | Noticed a brain worm
   251 | D        | Killed a brain worm
   251 | D        | Reached skill level 9 in Fighting
   251 | D        | Reached XP level 6. HP: 51/64 MP: 5/5
   257 | D        | Killed a brain worm
   257 | D        | Reached skill level 10 in Fighting
   257 | D        | Reached skill level 10 in Maces & Flails
   264 | D        | Noticed an ice statue
   265 | D        | Noticed Menkaure
   275 | D        | HP: 3/66 [Menkaure (16)]
   275 | D        | Slain by Menkaure

Action                   |  1- 3 |  4- 6 || total
-------------------------+-------+-------++-------
Melee: Mace              |     7 |    16 ||    23
Invok: Berserk           |     1 |     1 ||     2
